 Dungeon Crawl Stone Soup version 0.29-a0-284-gf9362112df (webtiles) character file.

Game seed: 4191108345714993385

175687 spaghetti the Fiendish (level 17, -8/171 HPs)
             Began as a Deep Dwarf Fighter on Mar 14, 2022.
             Was a Priest of Makhleb.
             Mangled by a vault warden
             ... wielding a +3 glaive of venom
              (19 damage)
             ... on level 1 of the Vaults.
             The game lasted 01:36:09 (26434 turns).

spaghetti the Fiendish (Deep Dwarf Fighter)        Turns: 26434, Time: 01:36:10

Health: -8/171     AC: 37    Str: 21    XL:     17   Next: 22%
Magic:  6/6        EV:  8    Int: 13    God:    Makhleb [***...]
Gold:   48         SH: 18    Dex: 18    Spells: 16/16 levels left

rFire   . . .      SeeInvis .   B - +3 war axe (vamp) {forbiddenaxe}
rCold   + . .      Faith    .   h - +0 kite shield
rNeg    + . .      Spirit   .   c - +3 plate armour of the Many Knives {Int+3}
rPois   .          Reflect  +   v - +2 hat
rElec   .          Harm     .   Y - +2 cloak "Zyoter" {rC+}
rCorr   .          Rampage  .   F - +0 pair of gloves
Will    ++...                   D - +1 pair of boots
Stlth   ..........              I - amulet of reflection
HPRegen 0.00/turn               e - +4 ring of protection
MPRegen 0.10/turn               o - +4 ring of protection

@: lethally poisoned (-8 -> -16), slowed, very slow
A: damage resistance, heal wounds, negative energy resistance 1, sense
surroundings 2, no regeneration, hooves 1, agile 1, weak 1
}: 1/15 runes: barnacled
a: Heal Wounds, Renounce Religion, Minor Destruction, Lesser Servant of Makhleb


You were on level 1 of the Vaults.
You worshipped Makhleb.
Makhleb was most pleased with you.
You visited 8 branches of the dungeon, and saw 33 of its levels.

You collected 2244 gold pieces.
You spent 2196 gold pieces at shops.


Innate Abilities, Weirdness & Mutations

You are resistant to damage.
You can heal yourself by infusing magical energy.
You resist negative energy. (rN+)
You passively map the area around you.
You do not regenerate.
You have large cloven feet.
You are agile. (Dex +2)
You are weak. (Str -2)


   Skills:
 - Level 15.6 Fighting
 - Level 16.0 Axes
 - Level 15.0 Armour
 - Level 3.3 Dodging
 + Level 11.9 Shields
 - Level 20.0 Invocations


You had 16 spell levels left.
You didn't know any spells.
Your spell library contained the following spells:

 Spells                   Type           Power      Damage    Failure   Level
 Animate Skeleton         Necr           0%         N/A       100%        1
 Freeze                   Ice            0%         1d3       100%        1
 Pain                     Necr           0%         1d4       100%        1
 Sting                    Tmut/Pois      0%         1d3       100%        1
 Ensorcelled Hibernation  Hex/Ice        0%         N/A       100%        2
 Poisonous Vapours        Pois/Air       0%         N/A       100%        2
 Sublimation of Blood     Necr           0%         N/A       100%        2
 Frozen Ramparts          Ice            0%         1d2       100%        3
 Ignite Poison            Fire/Tmut/Pois 0%         N/A       100%        3
 Mephitic Cloud           Conj/Pois/Air  0%         N/A       100%        3
 Spider Form              Tmut/Pois      0%         N/A       100%        3
 Stone Arrow              Conj/Erth      0%         3d7       100%        3
 Summon Guardian Golem    Hex/Summ       0%         N/A       100%        3
 Tukima's Dance           Hex            0%         N/A       100%        3
 Vampiric Draining        Necr           0%         2d6       100%        3
 Anguish                  Hex/Necr       0%         N/A       100%        4
 Animate Armour           Summ/Erth      0%         N/A       100%        4
 Fulminant Prism          Conj/Hex       0%         3d6       100%        4
 Hailstorm                Conj/Ice       0%         3d3       100%        4
 Ice Form                 Ice/Tmut       0%         N/A       100%        4
 Iskenderun's Mystic Bla  Conj/Tloc      0%         2d3       100%        4
 Olgreb's Toxic Radiance  Pois           0%         N/A       100%        4
 Petrify                  Tmut/Erth      0%         N/A       100%        4
 Agony                    Necr           0%         N/A       100%        5
 Blade Hands              Tmut           0%         N/A       100%        5
 Excruciating Wounds      Necr           0%         N/A       100%        5
 Freezing Cloud           Conj/Ice/Air   0%         6-21      100%        5
 Irradiate                Conj/Tmut      0%         3d14      100%        5
 Lee's Rapid Deconstruct  Erth           0%         3d5*      100%        5
 Summon Forest            Summ/Tloc      0%         N/A       100%        5
 Eringya's Noxious Bog    Tmut/Pois      0%         N/A       100%        6
 Iron Shot                Conj/Erth      0%         9d1       100%        6
 Simulacrum               Ice/Necr       0%         N/A       100%        6
 Enfeeble                 Hex            0%         N/A       100%        7
 Orb of Destruction       Conj           0%         9d5       100%        7
 Spellforged Servitor     Conj/Summ      0%         N/A       100%        7
 Storm Form               Tmut/Air       0%         N/A       100%        7
 Summon Hydra             Summ           0%         N/A       100%        7
 Lehudib's Crystal Spear  Conj/Erth      0%         10d2      100%        8
 Polar Vortex             Ice            0%         N/A       100%        9

Inventory:

Hand Weapons
 B - a +3 vampiric war axe (weapon) {forbiddenaxe}
   (You took it off an orc warlord on level 2 of the Orcish Mines)
 Q - a +0 broad axe {axe}
   (You took it off a death knight on level 15 of the Dungeon)
 V - a +1 demon trident of freezing {polearm}
   (You took it off a merfolk impaler on level 2 of the Shoals)
Missiles
 g - 792 stones (quivered) {throwing}
 m - 11 javelins {throwing}
 n - 14 boomerangs {throwing}
 q - 30 poisoned darts {throwing}
 G - 2 curare-tipped darts {=fthrowing}
 O - a throwing net {=f!fthrowing}
 S - 3 atropa-tipped darts {throwing}
Armour
 c - the +3 plate armour of the Many Knives (worn) {Int+3}
   (You bought it in a shop on level 2 of the Orcish Mines)

   Int:       It affects your intelligence (+3).
 h - a +0 kite shield (worn)
   (You found it on level 1 of the Dungeon)
 u - a +1 plate armour of poison resistance
   (You bought it in a shop on level 2 of the Orcish Mines)
 v - a +2 hat (worn)
   (You bought it in a shop on level 2 of the Orcish Mines)
 D - a +1 pair of boots (worn)
   (You found it on level 4 of the Lair of Beasts)
 F - a +0 pair of gloves (worn)
   (You found it on level 10 of the Dungeon)
 Y - the +2 cloak "Zyoter" (worn) {rC+}
   (You bought it in a shop on level 2 of the Orcish Mines)

   rC:        It protects you from cold.
Magical Staves
 J - a staff of cold {!astaff}
   (You took it off a centaur warrior on level 13 of the Dungeon)
Jewellery
 e - a +4 ring of protection (left hand)
   (You found it on level 2 of the Dungeon)
 o - a +4 ring of protection (right hand)
   (You took it off an orc on level 4 of the Dungeon)
 s - a +6 ring of strength
   (You found it on level 6 of the Dungeon)
 z - the ring "Zaxtoti" {rElec Will+ Dex+4 SInv}
   (You found it on level 7 of the Dungeon)

   [ring of see invisible]

   Dex:       It affects your dexterity (+4).
   rElec:     It insulates you from electricity.
   SInv:      It lets you see invisible.
   Will:      It increases your willpower.
 C - an amulet of magic regeneration {@e2}
   (You found it on level 7 of the Dungeon)
 H - an amulet of guardian spirit
   (You found it on level 9 of the Dungeon)
 I - an amulet of reflection (around neck)
   (You found it on level 10 of the Dungeon)
Wands
 d - a wand of mindburst (8)
   (You found it on level 4 of the Dungeon)
 j - a wand of charming (3)
   (You found it on level 3 of the Dungeon)
 p - a wand of iceblast (18)
   (You found it on level 1 of the Lair of Beasts)
 w - a wand of paralysis (16)
   (You found it on level 7 of the Dungeon)
 M - a wand of flame (9)
   (You found it on level 11 of the Dungeon)
 T - a wand of acid (6)
   (You found it on level 2 of the Lair of Beasts)
 U - a wand of polymorph (14)
   (You found it on level 2 of the Lair of Beasts)
 W - a wand of digging (2)
   (You found it on level 2 of the Lair of Beasts)
Scrolls
 b - 2 scrolls of magic mapping {!r}
 f - 4 scrolls of fog
 x - 3 scrolls of torment {forbidden!r}
 E - 20 scrolls of identify {@r1}
 P - 5 scrolls of vulnerability {!r!r}
 X - 2 scrolls of immolation {!r!r}
Potions
 a - 3 potions of brilliance
 k - 3 potions of lignification {!q}
 r - 2 potions of attraction {!q}
Miscellaneous
 l - a condenser vane {forbidden}
   (You found it on level 5 of the Lair of Beasts)
 R - a piece from Xom's chessboard (15/15)
   (You found it on level 2 of the Orcish Mines)

Dungeon Overview and Level Annotations

Branches:
Dungeon (15/15)            Temple (1/1) D:6            Lair (6/6) D:10
 Shoals (4/4) Lair:4       Spider (3/4) Lair:3          Orc (2/2) D:9
    Elf (1/3) Orc:2        Vaults (1/5) D:13         Depths (0/4) D:15
  Slime: Lair:5-6

Altars:
Ashenzari
Cheibriados
Dithmenos
Elyvilon
Fedhas
Gozag
Hepliaklqana
Kikubaaqudgha
Makhleb
Nemelex Xobeh
Okawaru
Qazlal
Ru
Sif Muna
Trog
Uskayaw
Vehumet
Wu Jian
Xom
Yredelemnul
Zin
The Shining One
Beogh

Shops:
D:3 *   D:6 *   Orc:2 *[**   Shoals:2 *   Vaults:1 *

Annotations:
D:4 exclusion: 4 doors
D:9 3 runed translucent doors, LobsterGuardian's ghost, novice OpBr
D:14 1 runed translucent door, testman's ghost, journeyman MfIE
Lair:1 1 runed translucent door
Lair:6 exclusion: oklob plant
Shoals:4 Shoals 4! Be careful!
Spider:1 1 runed translucent door, Asterion; SirDiesAlot's ghost, adept DEAE
Spider:3 exclusion: ice statue
Elf:1 rElec!

#.............................
#.............................
#.......#######...............
#.......##...##..........#'###
#.......##...######......#....
#.......##...######......#....
#.......##.......##......#....
#......###..)p...##......#....
#..#######...@p..####....#....
#..######+####...# #....#....
#..#.........#......# , #....
#..).........#......#,, ,#####
#..#.........#......# , ....
#..#######...+####### , ...
#..# * * ...## * ###≈ #... *
...# , , , ,#.≈≈ #... ...#*,,
#.≈≈


You could see 2 vault wardens.


Message History

The vault warden hits you but does no damage. 😱 HP[-4]
You take 4 damage, and now have 10/171 hp.
Okay, then.
Unknown command.
Okay, then.
You are lethally poisoned (10 -> -14).
You are slowed.
Your movement speed is very slow.
Your attack delay is about 1.2 (and cannot be improved with additional weapon skill) (and is slowed by your shield).
Your base attributes are Str 23, Int 10, Dex 16.
Okay, then.
Okay, then.
Your magical essence is drained by the effort!
You feel much better.
* * * LOW HITPOINT WARNING * * *
You feel extremely sick.
The vault warden burns!
The vault warden blocks your smoke demon's attack. x2
Your smoke demon closely misses the vault warden.
The vault warden is engulfed in a cloud of scalding steam.
The vault warden hits your smoke demon with a +0 broad axe!!
Your smoke demon dies!
Your smoke demon disappears in a puff of smoke!
The vault warden hits you but does no damage.
The vault warden is engulfed in a cloud of scalding steam.
The vault warden hits you but does no damage.
The vault warden shouts! 😱 HP[+11] MP[-1]
You regained 11 hp, and now have 21/171 hp.
Unknown command.
Your magical essence is drained by the effort!
You feel much better.
You feel extremely sick.
The vault warden burns!
The vault warden stops burning.
You block the vault warden's attack.
The vault warden is engulfed in a cloud of scalding steam.
The vault warden hits you but does no damage.
You are more poisoned.
The vault warden is engulfed in a cloud of scalding steam.
You block the vault warden's attack.
The vault warden is engulfed in a cloud of scalding steam.
The vault warden hits you with a +0 broad axe. 😱 HP[+15] MP[-1]
You regained 15 hp, and now have 36/171 hp.
Unknown command.
You hit the vault warden.
You feel better. The vault warden blocks your attack.
You are engulfed in a cloud of scalding steam.
You feel extremely sick.
The vault warden is engulfed in a cloud of scalding steam.
You block the vault warden's attack.
The vault warden hits you but does no damage.
You are more poisoned. 😱 HP[-3]
You take 3 damage, and now have 33/171 hp.
Unknown command.
You slash the vault warden! The vault warden blocks your attack.
You feel extremely sick. You block the vault warden's attack.
The vault warden hits you but does no damage.
You are more poisoned. 😱 HP[-9]
You take 9 damage, and now have 24/171 hp.
Unknown command.
You are quite poisoned (24 -> 12).
You are slowed.
Your movement speed is very slow.
Your attack delay is about 1.2 (and cannot be improved with additional weapon skill) (and is slowed by your shield).
Your base attributes are Str 23, Int 10, Dex 16.
You slash the vault warden!
You feel better.
You hit the vault warden but do no damage.
The runic seal fades away.
You feel extremely sick. You block the vault warden's attack.
The vault warden hits you but does no damage.
You are more poisoned.
The vault warden hits you with a +0 broad axe!
* * * LOW HITPOINT WARNING * * *
The vault warden hits you with a +3 glaive of venom!
* * * LOW HITPOINT WARNING * * *
You are more poisoned. 😱 HP[-21]
You take 21 damage, and now have 3/171 hp.
You are lethally poisoned (3 -> -36).
You are slowed.
Your movement speed is very slow.
Your attack delay is about 1.2 (and cannot be improved with additional weapon skill) (and is slowed by your shield).
Your base attributes are Str 23, Int 10, Dex 16.
Unknown command.
Your magical essence is drained by the effort!
You feel much better.
* * * LOW HITPOINT WARNING * * *
You feel extremely sick.
The vault warden hits you but does no damage.
The vault warden activates a sealing rune. 😱 HP[+1] MP[-1]
Your magical essence is drained by the effort!
You feel much better.
* * * LOW HITPOINT WARNING * * *
You feel extremely sick. You block the vault warden's attack.
The vault warden hits you with a +3 glaive of venom!!
You die...

Skill      XL: |  1  2  3  4  5  6  7  8  9 10 11 12 13 14 15 16 17 |
---------------+----------------------------------------------------+-----
Axes           | 3 4 5 6 7 8 10 12 15 16 | 16.0
Invocations    | 2 4 6 8 11 14 15 17 18 20 | 20.0
Fighting       | 4 7 10 11 13 14 15 | 15.6
Dodging        | 2 3 |  3.3
Armour         | 4 8 11 13 15 | 15.0
Shields        | 10 11 | 11.9

Action                   |  1- 3 |  4- 6 |  7- 9 | 10-12 | 13-15 | 16-18 || total
-------------------------+-------+-------+-------+-------+-------+-------++-------
Melee: War axe           |   139 |   145 |   125 |   435 |  1203 |  1110 ||  3157
       Headbutt          |       |       |    15 |    93 |   183 |       ||   291
       Punch             |       |       |       |       |       |     3 ||     3
Throw: Stone             |       |       |     1 |     3 |     1 |     3 ||     8
Invok: Heal Self         |       |     1 |     4 |    11 |    12 |       ||    28
       Heal Other        |       |       |    13 |    33 |    62 |    11 ||   119
       Purification      |       |       |       |     1 |     7 |     2 ||    10
       Minor Destruction |       |       |       |       |       |    20 ||    20
       Lesser Servant of |       |       |       |       |       |     2 ||     2
 Abil: Heal Wounds       |     1 |       |     2 |     8 |    49 |    45 ||   105
Evoke: Wand              |       |       |       |     1 |    12 |     5 ||    18
  Use: Potion            |     2 |     2 |     2 |     9 |    13 |    13 ||    41
       Scroll            |     6 |       |     4 |    12 |     8 |    13 ||    43
 Stab: Invisible         |       |       |       |    13 |       |    13 ||    26
       Petrifying        |       |       |       |       |     1 |       ||     1
Armor: Scale mail        |    69 |    75 |    96 |   236 |   231 |       ||   707
       Plate armour      |       |       |       |       |   493 |  1031 ||  1524
Dodge: Dodged            |    60 |    54 |    63 |   171 |   432 |   413 ||  1193
Block: Buckler           |    39 |    35 |    31 |    94 |   225 |   127 ||   551
       Kite shield       |       |       |       |       |       |   405 ||   405
       Reflection        |       |       |       |       |       |     1 ||     1

Levels and vault maps discovered:
D:1:      minmay_arrival_jagged, layout_rooms,
          hellmonk_ecumenical_altar_watching_god, minmay_misc_feat_five,
          lemuel_flame_loot_1
D:2:      layout_loops_cross
D:3:      layout_loops_ring, lemuel_round_altar, serial_shops, shop,
          chequers_serial_rivers_small_3
D:4:      layout_loops_corners, minmay_misc_feat_secret_circle
D:5:      layout_loops_ring, minivault_24, uniq_grinder
D:6:      layout_layer_cave, temple_statues, serial_shops,
          nicolae_shop_hallway_stairs, nrook_uturn
D:7:      minmay_the_grid_triangle_9x9_recursive_2
          [minmay_the_grid_triangle_9x9_prize_schism,
          minmay_the_grid_triangle_9x9_longest,
          minmay_the_grid_triangle_9x9_odd_lines,
          minmay_the_grid_triangle_9x9_pentomino_pain], layout_basic,
          grunt_gozag_statues, dreamdust_princess_bridge
D:8:      layout_layer_cave
D:9:      layout_rooms, nemelex_diamond_rough_becter, zombieorc2_lemuel,
          gammafunk_ghost_split, lightli_wizard_tower
D:10:     minmay_chambers_of_sixes, layout_cave_pods,
          nicolae_ashenzari_skybound, dpeg_lair_monsters, enter_bailey_2
D:11:     layout_long_grid, gauntlet_entry_generic
D:12:     layout_big_octagon
D:13:     layout_loops_ring, david_vaults_5, xom_confusion_cloud
D:14:     layout_rooms, hellmonk_ghost_happy_afterlife,
          nicolae_dithmenos_shadow_blocks
D:15:     hangedman_depths_entry_try_elsewhere_first, layout_basic,
          wad_floor_pattern_untrapped, uniq_jorgrun, uniq_nessos, uniq_azrael,
          uniq_kirke
Temple:   mainiacjoe_temple_coin_purse
Lair:1:   gammafunk_indiana_jones, layout_chaotic_city, pond
Lair:2:   layout_chaotic_city, serial_forest, infiniplex_forest_split,
          infiniplex_forest_straight_2, infiniplex_forest_end_1,
          infiniplex_forest_clump_double, infiniplex_forest_lined_room_2,
          infiniplex_forest_end_1, infiniplex_forest_clump_medium,
          lemuel_fruit_tree, infiniplex_staircase_pool_2, uniq_harold
Lair:3:   layout_regular_city, nicolae_spider_entry_tight_spaces,
          hangedman_lair_unloving_vines
Lair:4:   layout_regular_city, elwin_shoals_entry_rocks,
          nicolae_volcano_entry_batcave, kennysheep_abandoned_house
Lair:5:   layout_gridlike, serial_forest, infiniplex_forest_end_2,
          infiniplex_forest_lined_corner, infiniplex_forest_zigzag_1,
          infiniplex_forest_end_3, infiniplex_forest_clump_large,
          infiniplex_forest_lined_corner, infiniplex_forest_straight_1,
          beast_lair_carwin_10, serial_bayou_shore_b
Lair:6:   evilmike_catoblepas_cave, layout_misc_corridors,
          minmay_slime_entry_oklob_enclosed, chequers_serial_rivers_marsh,
          serial_bayou_shore_b, serial_bayou_shore_a, lemuel_fruit_fields
Shoals:1: layout_shoals, dpeg_stationary_puzzle
Shoals:2: layout_shoals, serial_shops, nicolae_shop_overgrown_old_shop,
          ldierk_geyser
Shoals:3: layout_shoals
Shoals:4: shoals_end_hellmonk_storm_palace [storm_palace_center_circular,
          storm_palace_corner_reverse_hut, storm_palace_corner_blocked,
          storm_palace_corner_narrow, storm_palace_corner_narrow]
Spider:1: layout_chambers, ebering_ghost_inner_flame,
          hangedman_spider_mandibles, drop_trap, nicolae_spider_orb_run,
          uniq_asterion
Spider:2: layout_spider_delve, hangedman_spider_tarantella_strand, uniq_nikola
Spider:3: layout_cave_pods, portal_ice_cave_entry_ice_statue_two,
          guppyfry_spider_mini_3, uniq_mara, uniq_agnes
Orc:1:    layout_diamond_mine, basic_altar
Orc:2:    pubby_orc_utopia, serial_shops
Elf:1:    eino_elf_arrival_sip, layout_rooms, minmay_elf_annihilation,
          uniq_aizul
Vaults:1: st_hourglassy, v_misc_8, hangedman_vaults_variations,
          nicolae_vaults_big_ls, grunt_vaults_swirl,
          vaults_mumra_minichess_inversion, nicolae_vaults_asterisk,
          layout_vaults_omnigrid, serial_shops, nicolae_shop_waterfront

Notes
Turn   | Place    | Note
-------+----------+-------------------------------------------
     0 | D:1      | spaghetti the Deep Dwarf Fighter began the quest for the
                  | Orb.
     0 | D:1      | Reached XP level 1. HP: 20/20 MP: 1/1
     0 | D:1      | magus.rc [v1.9.6]
    13 | D:1      | Found a faded altar of an unknown god.
    22 | D:1      | Noticed a golden eye
    22 | D:1      | Noticed a great orb of eyes
    28 | D:1      | Noticed a shining eye
    60 | D:1      | Noticed an eye of devastation
    65 | D:1      | Prayed at the altar of an unknown god.
    65 | D:1      | Became a worshipper of Elyvilon the Healer
    65 | D:1      | Reached * piety under Elyvilon
   146 | D:1      | Reached skill level 3 in Axes
   162 | D:1      | Reached XP level 2. HP: 18/27 MP: 2/2
   347 | D:1      | You pick up a book of Maledictions and begin reading...
   347 | D:1      | You add the spells Tukima's Dance, Anguish and Enfeeble to
                  | your library.
   494 | D:2      | Reached ** piety under Elyvilon
   685 | D:2      | HP: 6/27 [quokka (3)]
   693 | D:2      | Reached XP level 3. HP: 8/33 MP: 3/3
   763 | D:2      | Reached skill level 4 in Axes
  1403 | D:3      | Found Pariha's Assorted Antiques.
  1439 | D:3      | Reached XP level 4. HP: 30/40 MP: 4/4
  1440 | D:3      | Reached skill level 5 in Axes
  1498 | D:3      | Reached *** piety under Elyvilon
  1503 | D:3      | You pick up a book of Dangerous Friends and begin
                  | reading...
  1503 | D:3      | You add the spells Summon Guardian Golem, Orb of
                  | Destruction and Spellforged Servitor to your library.
  1613 | D:3      | Found a stormy altar of Qazlal.
  1994 | D:4      | Reached skill level 1 in Invocations
  2007 | D:4      | Reached skill level 2 in Invocations
  2007 | D:4      | Reached XP level 5. HP: 41/46 MP: 4/6
  2226 | D:4      | Reached skill level 3 in Invocations
  2297 | D:4      | Reached skill level 4 in Invocations
  2344 | D:4      | Noticed a steam dragon
  2498 | D:4      | Reached XP level 6. HP: 36/55 MP: 9/9
  2856 | D:5      | Entered Level 5 of the Dungeon
  2880 | D:5      | Noticed Grinder
  2908 | D:5      | Killed Grinder
  2909 | D:5      | Reached skill level 6 in Axes
  2909 | D:5      | Reached skill level 6 in Invocations
  2971 | D:5      | Reached XP level 7. HP: 56/61 MP: 11/11
  3059 | D:5      | Reached **** piety under Elyvilon
  3524 | D:6      | Reached skill level 7 in Invocations
  3620 | D:6      | Found Woetot's General Store.
  3628 | D:6      | Bought a potion of mutation for 96 gold pieces
  3628 | D:6      | Gained mutation: You expend magic power (3 MP) to
                  | strengthen your wands. [potion of mutation]
  3628 | D:6      | Gained mutation: You have a pair of small horns on your
                  | head. [potion of mutation]
  3775 | D:6      | Reached skill level 7 in Axes
  3785 | D:6      | Reached skill level 8 in Invocations
  3845 | D:6      | Found a staircase to the Ecumenical Temple.
  3864 | D:6      | Reached XP level 8. HP: 36/68 MP: 14/14
  3952 | D:6      | Reached skill level 9 in Invocations
  4703 | D:7      | Reached skill level 8 in Axes
  4703 | D:7      | Reached skill level 10 in Invocations
  4710 | D:7      | Noticed a two-headed ogre
  4714 | D:7      | Pacified a two-headed ogre
  4715 | D:7      | Reached skill level 11 in Invocations
  4715 | D:7      | Gained mutation: You passively map the area around you.
                  | [Deep Dwarf growth]
  4715 | D:7      | Reached XP level 9. HP: 65/74 MP: 4/17
  4717 | D:7      | Noticed a cyclops
  4718 | D:7      | Noticed a komodo dragon
  4720 | D:7      | Noticed a deep elf pyromancer
  4721 | D:7      | Pacified a cyclops
  4722 | D:7      | Reached skill level 9 in Axes
  4722 | D:7      | Reached skill level 12 in Invocations
  4722 | D:7      | Pacified a komodo dragon
  4725 | D:7      | Noticed a boulder beetle
  4725 | D:7      | Noticed a boulder beetle
  4725 | D:7      | Noticed a troll
  4727 | D:7      | Killed a komodo dragon
  4729 | D:7      | HP: 13/74 [wight/+5 flail (8)]
  4977 | D:7      | Pacified a boulder beetle
  4978 | D:7      | Reached skill level 13 in Invocations
  5056 | D:7      | Reached skill level 10 in Axes
  5056 | D:7      | Reached skill level 14 in Invocations
  5060 | D:7      | Pacified a troll
  5065 | D:7      | Reached XP level 10. HP: 46/81 MP: 14/20
  5069 | D:7      | Pacified a deep elf pyromancer
  5179 | D:7      | Pacified a boulder beetle
  5180 | D:7      | Reached skill level 15 in Invocations
  5233 | D:7      | You pick up a book of Maledictions and begin reading...
  5235 | D:7      | You add the spells Hailstorm and Storm Form to your
                  | library.
  5235 | D:7      | Got the Handbook of Floating Cold
  5237 | D:7      | Identified the ring "Zaxtoti" {rElec Will+ Dex+4 SInv}
  5245 | D:7      | Identified the +8 scimitar "Xeemm" {drain, rC+ Str+3}
  5358 | D:7      | Found an opulent altar of Gozag.
  5723 | D:7      | You pick up a book of Frost and begin reading...
  5723 | D:7      | You add the spells Freeze and Frozen Ramparts to your
                  | library.
  5895 | D:8      | Reached skill level 11 in Axes
  5997 | D:8      | Reached skill level 3 in Fighting
  6209 | D:8      | Identified the +6 war axe "Tuleh" {vorpal, rF- rCorr Str+2
                  | SInv}
  6888 | D:9      | Found a runed translucent gate.
  6889 | D:9      | Found a runed translucent gate.
  6890 | D:9      | Found a runed translucent gate.
  6891 | D:9      | Noticed LobsterGuardian's ghost (novice OpBr)
  6908 | D:9      | Reached skill level 4 in Fighting
  6912 | D:9      | Found a staircase to the Orcish Mines.
  6924 | D:9      | Reached skill level 12 in Axes
  7071 | D:9      | Noticed a wizard
  7080 | D:9      | Killed a wizard
  7097 | D:9      | You pick up a book of Ice and begin reading...
  7097 | D:9      | You add the spells Freezing Cloud, Simulacrum and Polar
                  | Vortex to your library.
  7160 | D:9      | You fall into a shaft and drop 1 floor!
  7160 | D:10     | Entered Level 10 of the Dungeon
  7190 | D:10     | Found a flagged portal.
  7216 | D:10     | Reached XP level 11. HP: 46/93 MP: 22/22
  7222 | D:10     | HP: 19/93 [orc priest/divine providence (10)]
  7245 | D:10     | Reached skill level 5 in Fighting
  7298 | D:10     | HP: 16/94 [gargoyle/stone arrow (15)]
  7310 | D:10     | Reached skill level 13 in Axes
  7316 | D:10     | HP: 10/96 [gargoyle/stone arrow (19)]
  7490 | D:10     | HP: 23/97 [orc priest/divine providence (13)]
  7504 | D:10     | HP: 20/97 [orc wizard/+1 dagger of draining (3)]
  7513 | D:10     | Noticed a two-headed ogre
  7517 | D:10     | Pacified a two-headed ogre
  7519 | D:10     | Noticed a death yak
  7521 | D:10     | Noticed a death yak
  7524 | D:10     | Noticed a death yak
  7545 | D:10     | Pacified a death yak
  7546 | D:10     | Reached skill level 6 in Fighting
  7546 | D:10     | Reached skill level 14 in Axes
  7548 | D:10     | Pacified a death yak
  7557 | D:10     | Pacified a death yak
  7614 | D:10     | Noticed a two-headed ogre
  7615 | D:10     | Pacified a two-headed ogre
  7673 | D:10     | You pick up a book of Necromancy and begin reading...
  7673 | D:10     | You add the spells Pain, Animate Skeleton and Vampiric
                  | Draining to your library.
  7739 | D:10     | Found a broken altar of Ashenzari.
  7756 | D:10     | You pick up a book of Armaments and begin reading...
  7756 | D:10     | You add the spells Stone Arrow, Animate Armour and
                  | Lehudib's Crystal Spear to your library.
  7822 | D:10     | Found a staircase to the Lair.
  8023 | D:10     | Noticed an ogre mage
  8029 | D:10     | Reached skill level 1 in Dodging
  8036 | D:10     | Killed an ogre mage
  8581 | D:11     | Reached skill level 7 in Fighting
  8581 | D:11     | Reached skill level 15 in Axes
  8606 | D:11     | HP: 23/100 [vampire mosquito (8)]
  8749 | D:11     | Reached skill level 2 in Dodging
  8749 | D:11     | Reached XP level 12. HP: 46/109 MP: 23/23
  8944 | D:11     | Found a gate leading to a gauntlet.
  8953 | D:11     | You pick up a book of the Tundra and begin reading...
  9103 | D:12     | Noticed a five-headed hydra
  9111 | D:12     | Pacified a five-headed hydra
  9112 | D:12     | Reached skill level 3 in Dodging
  9116 | D:12     | HP: 25/109 [skeletal warrior/+0 short sword[a skeletal
                  | warrior] (14)]
  9152 | Lair:1   | Entered Level 1 of the Lair of Beasts
  9257 | Lair:1   | HP: 24/109 [cane toad (5)]
  9262 | Lair:1   | HP: 21/109 [cane toad (3)]
  9371 | Lair:1   | You pick up a book of Blasting and begin reading...
  9371 | Lair:1   | You add the spells Fulminant Prism, Iskenderun's Mystic
                  | Blast and Lee's Rapid Deconstruction to your library.
  9377 | Lair:1   | You add the spells Ignite Poison and Mephitic Cloud to your
                  | library.
  9383 | Lair:1   | HP: 26/109 [yak (1)]
  9395 | Lair:1   | HP: 22/109 [bullfrog (1)]
  9407 | Lair:1   | Reached skill level 16 in Axes
  9407 | Lair:1   | HP: 17/109 [yak (5)]
  9455 | Lair:1   | You add the spells Sting, Poisonous Vapours and Olgreb's
                  | Toxic Radiance to your library.
  9467 | Lair:1   | You pick up a book of Pain and begin reading...
  9467 | Lair:1   | You add the spells Agony and Excruciating Wounds to your
                  | library.
  9640 | Lair:1   | Reached skill level 8 in Fighting
  9874 | Lair:1   | Found a runed translucent door.
  9874 | Lair:1   | Found the +7 sceptre of Torment {pain, torment}
  9912 | Lair:2   | HP: 25/110 [cane toad (13)]
  9914 | Lair:2   | HP: 7/110 [cane toad (12)]
 10024 | Lair:2   | HP: 26/109 [hell rat (2)]
 10136 | Lair:2   | Reached skill level 9 in Fighting
 10420 | Lair:2   | Noticed Harold
 10426 | Lair:2   | Pacified Harold
 10590 | Lair:2   | Reached skill level 10 in Fighting
 10884 | Lair:3   | Reached skill level 4 in Armour
 10972 | Lair:3   | Reached XP level 13. HP: 89/124 MP: 22/22
 11166 | Lair:3   | Found a hole to the Spider Nest.
 11175 | Lair:3   | Reached skill level 5 in Armour
 11942 | Lair:5   | Reached skill level 6 in Armour
 12092 | Lair:5   | Reached skill level 11 in Fighting
 12487 | Lair:5   | Reached skill level 16 in Invocations
 12778 | Lair:6   | Entered Level 6 of the Lair of Beasts
 12797 | Lair:6   | HP: 26/127 [komodo dragon (22)]
 12807 | Lair:6   | Reached skill level 7 in Armour
 12899 | Lair:6   | Reached skill level 8 in Armour
 13085 | Lair:6   | >>Remember to heal generously.
 13085 | Lair:6   | magus.rc [v1.9.6]
 13172 | Lair:6   | Reached skill level 17 in Invocations
 13312 | Lair:6   | Gained mutation: You resist negative energy. (rN+) [Deep
                  | Dwarf growth]
 13312 | Lair:6   | Reached XP level 14. HP: 40/136 MP: 24/24
 13348 | Lair:6   | HP: 27/136 [cane toad (13)]
 13379 | Lair:6   | HP: 24/136 [catoblepas (14)]
 13503 | Lair:6   | Reached skill level 12 in Fighting
 13506 | Lair:6   | HP: 34/138 [death yak (5)]
 13522 | Lair:6   | Reached skill level 9 in Armour
 13703 | Lair:6   | HP: 29/138 [catoblepas (14)]
 13716 | Lair:6   | HP: 24/138 [catoblepas (14)]
 13738 | Lair:6   | You add the spells Summon Forest, Eringya's Noxious Bog and
                  | Summon Hydra to your library.
 13997 | Lair:4   | HP: 34/139 [four-headed hydra (5)]
 14005 | Lair:4   | HP: 27/139 [four-headed hydra (7)]
 14308 | Lair:4   | Found a staircase to the Shoals.
 14329 | Lair:4   | HP: 31/139 [black mamba (4)]
 14346 | Lair:4   | Reached skill level 10 in Armour
 14346 | Lair:4   | Reached skill level 18 in Invocations
 14349 | Lair:4   | HP: 32/139 [elephant (9)]
 14478 | Lair:4   | Identified the +8 rapier "Hell-Harrower" {flame, rC+}
 14888 | Orc:1    | Entered Level 1 of the Orcish Mines
 15092 | Orc:2    | Entered Level 2 of the Orcish Mines
 15441 | Orc:2    | HP: 26/139 [orc knight/bolt (11)]
 15442 | Orc:2    | Found Esuib's Assorted Antiques.
 15446 | Orc:2    | HP: 25/139 [orc warrior/+1 hand axe of electrocution (1)]
 15449 | Orc:2    | Found Loibo's Assorted Antiques.
 15452 | Orc:2    | HP: 22/139 [orc knight/+0 long sword (3)]
 15468 | Orc:2    | Bought a potion of curing for 90 gold pieces
 15485 | Orc:2    | Bought a shiny plate armour for 858 gold pieces
 15858 | Orc:2    | Reached skill level 13 in Fighting
 15914 | Orc:2    | You pick up a book of Iron and begin reading...
 15914 | Orc:2    | You add the spells Blade Hands and Iron Shot to your
                  | library.
 15920 | Orc:2    | HP: 33/141 [orc knight/+0 battleaxe (7)]
 15930 | Orc:2    | HP: 25/141 [orc knight/+0 battleaxe (2)]
 15975 | Orc:2    | You pick up a book of Dreams and begin reading...
 15975 | Orc:2    | You add the spells Ensorcelled Hibernation and Spider Form
                  | to your library.
 16152 | Orc:2    | Noticed an orc warlord
 16155 | Orc:2    | Pacified an orc warlord
 16157 | Orc:2    | HP: 32/141 [orc warrior/+1 battleaxe of freezing[an orc
                  | warlord] (7)]
 16160 | Orc:2    | HP: 14/141 [orc warrior/+0 war axe[an orc warlord] (18)]
 16180 | Orc:2    | Was placed under penance by Elyvilon
 16193 | Orc:2    | Killed an orc warlord
 16241 | Orc:2    | Found Ecwuq's Assorted Antiques.
 16242 | Orc:2    | HP: 30/141 [orc warrior/+0 glaive (13)]
 16251 | Orc:2    | HP: 34/141 [orc warrior/+0 glaive (13)]
 16253 | Orc:2    | HP: 16/141 [rust devil[an orc high priest] (3)]
 16258 | Orc:2    | HP: 32/141 [orc warrior/+0 glaive (14)]
 16265 | Orc:2    | HP: 32/141 [orc warrior/+0 glaive (7)]
 16271 | Orc:2    | HP: 32/141 [orc warrior/+0 glaive (4)]
 16283 | Orc:2    | Bought a faintly humming cloak for 228 gold pieces
 16283 | Orc:2    | Identified the +2 cloak "Zyoter" {rC+} (You bought it in a
                  | shop on level 2 of the Orcish Mines)
 16296 | Orc:2    | Bought an embroidered hat for 168 gold pieces
 16349 | Orc:2    | Reached skill level 11 in Armour
 16501 | Orc:2    | Found Pofiogoi's Antique Armour Shoppe.
 16605 | Orc:2    | Was forgiven by Elyvilon
 16641 | Orc:2    | Found a staircase to the Elven Halls.
 17045 | Orc:1    | Reached XP level 15. HP: 45/148 MP: 19/19
 17236 | D:9      | Found a sparkling altar of Nemelex Xobeh.
 17408 | D:12     | HP: 34/148 [two-headed ogre/+0 giant club (5)]
 17415 | D:12     | Reached skill level 19 in Invocations
 17573 | D:12     | HP: 31/148 [yak (10)]
 17703 | D:12     | HP: 34/148 [skeletal warrior/+0 trident (11)]
 17709 | D:12     | HP: 33/148 [skeletal warrior/+0 trident (1)]
 17781 | D:12     | Identified the +8 trident "Nalanibe" {venom, Str+2}
 17994 | D:13     | Lost mutation: You expend magic power (3 MP) to strengthen
                  | your wands. [potion of mutation]
 17994 | D:13     | Lost mutation: You have a pair of small horns on your head.
                  | [potion of mutation]
 17994 | D:13     | Gained mutation: You are weak. (Str -2) [potion of
                  | mutation]
 17994 | D:13     | Gained mutation: You are frail. (-10% HP) [potion of
                  | mutation]
 17994 | D:13     | Gained mutation: You are occasionally teleported next to
                  | monsters. [potion of mutation]
 17995 | D:13     | Lost mutation: You are occasionally teleported next to
                  | monsters. [potion of mutation]
 17995 | D:13     | Lost mutation: You are frail. (-10% HP) [potion of
                  | mutation]
 17995 | D:13     | Gained mutation: You have supernaturally acute eyesight.
                  | (SInv) [potion of mutation]
 17995 | D:13     | Gained mutation: You occasionally shout uncontrollably at
                  | your foes. [potion of mutation]
 17995 | D:13     | Gained mutation: Your skin changes colour to match your
                  | surroundings (Stealth+). [potion of mutation]
 18080 | D:13     | HP: 32/148 [brown ugly thing (8)]
 18228 | D:13     | HP: 37/148 [raiju (shapeshifter) (7)]
 18336 | D:13     | Found a shimmering altar of Xom.
 18498 | D:13     | Reached skill level 12 in Armour
 18556 | D:13     | HP: 32/150 [centaur warrior (7)]
 18590 | D:13     | HP: 37/150 [centaur warrior (3)]
 18754 | D:13     | Found a gate to the Vaults.
 19010 | D:14     | Found a runed translucent door.
 19015 | D:14     | Noticed testman's ghost (journeyman MfIE)
 19087 | D:14     | Found a shadowy altar of Dithmenos.
 19275 | D:14     | You pick up a book of Alchemy and begin reading...
 19275 | D:14     | You add the spells Sublimation of Blood, Petrify and
                  | Irradiate to your library.
 19299 | D:14     | Reached skill level 14 in Fighting
 19506 | D:15     | Entered Level 15 of the Dungeon
 19641 | D:15     | Noticed Nessos
 19642 | D:15     | Pacified Nessos
 19643 | D:15     | Reached skill level 20 in Invocations
 19688 | D:15     | Killed Nessos
 19689 | D:15     | Noticed Kirke
 19690 | D:15     | Pacified Kirke
 19873 | D:15     | HP: 34/151 [manticore (14)]
 19881 | D:15     | HP: 27/151 [manticore (7)]
 19962 | D:15     | HP: 19/152 [freezing wraith[a death knight] (8)]
 19970 | D:15     | HP: 34/152 [wraith[a death knight] (5)]
 19979 | D:15     | Reached skill level 13 in Armour
 19991 | D:15     | Noticed Jorgrun
 19996 | D:15     | Pacified Jorgrun
 20115 | D:15     | Lost mutation: Your skin changes colour to match your
                  | surroundings (Stealth+). [potion of mutation]
 20115 | D:15     | Lost mutation: You have supernaturally acute eyesight.
                  | (SInv) [potion of mutation]
 20115 | D:15     | Lost mutation: You occasionally shout uncontrollably at
                  | your foes. [potion of mutation]
 20115 | D:15     | Gained mutation: You are agile. (Dex +2) [potion of
                  | mutation]
 20115 | D:15     | Gained mutation: You have large cloven feet. [potion of
                  | mutation]
 20118 | D:15     | HP: 38/152 [cyclops/large rock (4)]
 20155 | D:15     | Noticed Azrael
 20157 | D:15     | Pacified Azrael
 20158 | D:15     | HP: 20/152 [hell hound/blast of flame[Azrael] (23)]
 20290 | D:15     | Found a staircase to the Depths.
 20711 | Spider:1 | Entered Level 1 of the Spider Nest
 20850 | Spider:1 | magus.rc [v1.9.6]
 20928 | Spider:1 | Reached XP level 16. HP: 49/160 MP: 17/17
 20928 | Spider:1 | HP: 40/160 [wolf spider (9)]
 20936 | Spider:1 | HP: 22/160 [jumping spider (11)]
 20942 | Spider:1 | HP: 29/160 [jumping spider (2)]
 20960 | Spider:1 | HP: 37/160 [wolf spider (8)]
 20962 | Spider:1 | HP: 15/160 [wolf spider (9)]
 21171 | Spider:1 | Found a runed translucent door.
 21174 | Spider:1 | Noticed SirDiesAlot's ghost (adept DEAE)
 21212 | Spider:1 | HP: 40/160 [boulder beetle (18)]
 21267 | Spider:1 | Reached skill level 15 in Fighting
 21267 | Spider:1 | Reached skill level 14 in Armour
 21269 | Spider:1 | HP: 38/163 [radroach (32)]
 21299 | Spider:2 | You fall into a shaft and drop 1 floor!
 21307 | Spider:3 | HP: 35/163 [poisoned by a wolf spider]
 21434 | Spider:3 | Noticed Agnes
 21435 | Spider:3 | Pacified Agnes
 21522 | Spider:2 | Noticed Nikola
 21523 | Spider:2 | Pacified Nikola
 21572 | Spider:1 | Noticed Asterion
 21585 | Lair:3   | HP: 40/163 [demonic crawler (1)]
 21795 | Temple   | Entered the Ecumenical Temple
 21912 | Temple   | Fell from the grace of Elyvilon
 21912 | Temple   | Became a worshipper of Makhleb the Destroyer
 22096 | Shoals:1 | Entered Level 1 of the Shoals
 22107 | Shoals:1 | >>Be careful!
 22107 | Shoals:1 | magus.rc [v1.9.6]
 22123 | Shoals:1 | HP: 40/163 [merfolk/+0 trident (1)]
 22492 | Shoals:2 | Reached * piety under Makhleb
 22514 | Shoals:2 | Reached skill level 15 in Armour
 22622 | Shoals:3 | HP: 37/164 [drowned by a drowned soul[a merfolk avatar]
                  | (6)]
 22643 | Shoals:3 | Reached skill level 4 in Shields
 22650 | Shoals:3 | Identified the +0 cloak of the Enchanted Forest {*Corrode
                  | +Blink +Inv Int-4}
 22661 | Shoals:2 | HP: 40/164 [merfolk/+0 trident (8)]
 22667 | Shoals:2 | HP: 20/164 [merfolk/+0 trident (6)]
 22906 | Shoals:1 | Reached skill level 5 in Shields
 23176 | Shoals:1 | Identified the +0 leather armour of Focus {-Cast Harm Drain
                  | Will+++}
 23181 | Shoals:1 | Noticed a kraken
 23422 | Shoals:2 | Found Nococ's Assorted Antiques.
 23652 | Shoals:4 | Entered Level 4 of the Shoals
 23662 | Shoals:4 | Reached skill level 6 in Shields
 23850 | Shoals:1 | Killed a kraken
 24156 | Orc:2    | Bought a dazzling plate armour for 756 gold pieces
 24156 | Orc:2    | Identified the +3 plate armour of the Many Knives {Int+3}
                  | (You bought it in a shop on level 2 of the Orcish Mines)
 24234 | Elf:1    | Entered Level 1 of the Elven Halls
 24235 | Elf:1    | HP: 34/164 [deep elf zephyrmancer/bolt of lightning (21)]
 24245 | Elf:1    | Reached skill level 7 in Shields
 24283 | Elf:1    | HP: 35/164 [+4 dire flail of protection (9)]
 24321 | Elf:1    | HP: 41/164 [something (8)]
 24326 | Orc:2    | HP: 19/164 [water elemental (5)]
 24332 | Orc:2    | HP: 37/164 [drowned by a water elemental (5)]
 24337 | Orc:2    | HP: 21/164 [poisoned by a +4 hand axe of venom]
 24341 | Orc:2    | HP: 9/164 [poisoned by a +4 hand axe of venom]
 24705 | D:15     | >>Be careful!
 24705 | D:15     | magus.rc [v1.9.6]
 24917 | Shoals:4 | Paralysed by an air elemental for 1 turns
 24919 | Shoals:4 | Paralysed by an air elemental for 1 turns
 24922 | Shoals:4 | Reached ** piety under Makhleb
 25077 | Shoals:4 | Paralysed by an air elemental for 1 turns
 25084 | Shoals:4 | Paralysed by an air elemental for 1 turns
 25096 | Shoals:4 | Paralysed by an air elemental for 1 turns
 25098 | Shoals:4 | Paralysed by an air elemental for 1 turns
 25104 | Shoals:4 | HP: 33/164 [drowned by a water nymph (10)]
 25109 | Shoals:4 | HP: 32/164 [water nymph/the raging water (6)]
 25124 | Shoals:4 | Reached skill level 8 in Shields
 25175 | Shoals:4 | HP: 38/164 [merfolk javelineer/javelin (12)]
 25271 | Shoals:4 | Noticed a storm dragon
 25276 | Shoals:4 | Got a barnacled rune of Zot
 25276 | Shoals:4 | HP: 41/164 [drowned by a water nymph (11)]
 25281 | Shoals:4 | Paralysed by an air elemental for 1 turns
 25289 | Shoals:4 | HP: 27/164 [manticore/volley of spikes (15)]
 25665 | Vaults:1 | Entered Level 1 of the Vaults
 25754 | Vaults:1 | Reached skill level 9 in Shields
 25810 | Vaults:1 | Reached skill level 10 in Shields
 25816 | Vaults:1 | Reached XP level 17. HP: 82/171 MP: 10/10
 25817 | Vaults:1 | HP: 24/171 [vault guard/+3 war axe[a vault warden] (23)]
 25884 | Vaults:1 | Found Nemonwug's General Store.
 26133 | Vaults:1 | Reached skill level 11 in Shields
 26220 | Vaults:1 | Reached *** piety under Makhleb
 26424 | Vaults:1 | HP: 42/171 [vault warden/+3 glaive of venom (20)]
 26426 | Vaults:1 | HP: 14/171 [vault warden/+0 broad axe (7)]
 26431 | Vaults:1 | HP: 24/171 [poisoned by a vault warden]
 26432 | Vaults:1 | HP: 11/171 [vault warden/+0 broad axe (8)]
 26432 | Vaults:1 | HP: 3/171 [vault warden/+3 glaive of venom (8)]
 26434 | Vaults:1 | Mangled by a vault warden

Vanquished Creatures
  A kraken (Shoals:1)
  A sphinx (Vaults:1)
  An orc warlord (Orc:2)
  2 ironbound preservers (Vaults:1)
  A broodmother (Spider:1)
  5 dire elephants
  3 merfolk javelineers
  A yaktaur captain (Vaults:1)
  3 merfolk impalers
  A great orb of eyes (D:15)
  2 boulder beetles
  2 catoblepae (Lair:6)
  2 vault guards (Vaults:1)
  An ironbound frostheart (Vaults:1)
  A two-headed ogre (D:12)
  8 centaur warriors
  A merfolk avatar (Shoals:3)
  A death knight (D:15)
  A death yak (Lair:6)
  2 dancing weapons
  4 orc high priests (Orc:2)
  7 skeletal warriors
  4 sea snakes
  2 deep trolls (Vaults:1)
  An obsidian statue (Shoals:1)
  2 orb spiders (Spider:1)
  3 ironbound convokers (Vaults:1)
  A steelbarb worm (Spider:3)
  A glowing orange brain (Vaults:1)
  An orc knight (Orc:2)
  A lindwurm (Vaults:1)
  3 harpies (Shoals:2)
  2 deep elf pyromancers
  3 deep elf zephyrmancers (Elf:1)
  2 wizards
  2 orc sorcerers (Orc:2)
  8 wolf spiders
  14 ugly things
  A manticore (shapeshifter) (D:13)
  A cyclops (D:15)
  15 manticores
  15 elephants
  3 water nymphs
  2 gargoyles
  4 merfolk sirens
  A vault sentinel (Vaults:1)
  7 black mambas
  A torpor snail (Lair:4)
  A rime drake (Lair:2)
  9 cane toads
  2 demonic crawlers
  A freezing wraith (D:15)
  A tengu conjurer (D:13)
  A yaktaur (Vaults:1)
  9 komodo dragons
  6 polar bears
  9 merfolk
  A meliai (D:13)
  2 trolls
  A troll (shapeshifter) (D:14)
  7 wind drakes
  6 tarantellas (Spider:1)
  Grinder (D:5)
  A hornet (Lair:4)
  A raiju (shapeshifter) (D:13)
  13 blink frogs
  7 slime creatures
  4 snapping turtles
  11 dream sheep (Lair:6)
  7 jumping spiders
  6 shadows
  4 air elementals (Shoals:4)
  4 culicivoras (Lair:3)
  9 wyverns
  5 wraiths
  5 basilisks
  A spriggan (shapeshifter) (D:12)
  2 fire elementals (D:15)
  4 hogs (D:15)
  3 fire bats (Lair:4)
  11 water elementals
  60 yaks
  23 vampire mosquitoes
  11 redbacks
  A warg (Orc:2)
  An acid dragon (D:13)
  10 water moccasins
  6 hell hounds (D:15)
  32 orc warriors
  2 sky beasts
  A black bear (D:6)
  12 ogres
  10 wolves
  10 centaurs
  A phantom (D:9)
  4 kobold brigands
  9 bullfrogs
  A necrophage (D:6)
  3 scorpions
  A wight (D:7)
  5 killer bees
  A troll zombie (D:9)
  5 howler monkeys
  3 electric eels
  A crimson imp (D:9)
  2 jellies
  22 orc priests
  An iguana (D:4)
  15 orc wizards
  10 hell rats
  7 ogre zombies (D:9)
  4 gnolls (D:3)
  5 adders
  6 river rats
  A white imp (D:6)
  An ufetubus (D:6)
  2 worms (D:4)
  A dart slug (D:2)
  93 orcs
  7 endoplasms
  5 giant cockroaches
  7 goblins
  3 hobgoblins (D:1)
  5 jackals
  17 kobolds
  5 quokkas
  8 ball pythons
  7 bats
  5 frilled lizards
  A goblin skeleton (D:9)
  2 goblin zombies (D:9)
  A hobgoblin skeleton (D:9)
  2 hobgoblin zombies (D:9)
  3 orc skeletons (D:9)
  16 orc zombies (D:9)
  8 rats
  2 tentacles (Shoals:1)
793 creatures vanquished.

Vanquished Creatures (collateral kills)
  A vault guard (Vaults:1)
  A hound (D:5)
  An orc priest (D:5)
  An orc wizard (D:5)
  3 orcs (D:5)
7 creatures vanquished.

Vanquished Creatures (others)
  Nessos (D:15)
  An ogre mage (D:10)
  A hydra (D:13)
  A merfolk aquamancer (Shoals:1)
  A centaur warrior (D:13)
  2 death yaks (Lair:6)
  A deep elf archer (Elf:1)
  2 wizards (Vaults:1)
  An oklob plant (Lair:6)
  An ugly thing (D:12)
  A cyclops (D:10)
  An elephant (Lair:6)
  An unseen horror (D:13)
  A kobold demonologist (D:13)
  2 komodo dragons
  A troll (D:10)
  2 slime creatures (D:13)
  A water elemental (Shoals:4)
  2 yaks (Lair:6)
  3 humans (D:15)
  A vampire mosquito (D:13)
  4 orc warriors (Orc:2)
  2 ogres (Orc:2)
  A bullfrog (Lair:1)
  A howler monkey (D:12)
  An electric eel (D:15)
  An orc priest (D:10)
  A hell rat (D:10)
  A river rat (D:10)
  4 orcs
  3 quokkas (D:10)
  A kobold (D:8)
  26 fungi
  132 plants
  15 tentacles (Shoals:1)
221 creatures vanquished.

Grand Total: 1021 creatures vanquished

Table legend:
 A = Non-vault XP
 B = Vault XP
 C = Vault XP percentage of total XP
 D = Non-vault monster count
 E = Vault monster count
 F = Vault count percentage of total count
                 A         B        C        D         E       F
            +---------+---------+-------+---------+---------+-------
      Total |  119517 |   56825 |  32.2 |     509 |     296 |  36.8
            +---------+---------+-------+---------+---------+-------
        D:1 |      30 |       0 |   0.0 |      20 |       0 |   0.0
        D:2 |      37 |       0 |   0.0 |      15 |       0 |   0.0
        D:3 |      69 |       0 |   0.0 |      12 |       0 |   0.0
        D:4 |     282 |       0 |   0.0 |      34 |       0 |   0.0
        D:5 |     234 |     277 |  54.2 |      18 |       1 |   5.3
        D:6 |     734 |       0 |   0.0 |      15 |       0 |   0.0
        D:7 |     336 |     282 |  45.6 |       3 |       3 |  50.0
        D:8 |     267 |       0 |   0.0 |      12 |       0 |   0.0
        D:9 |     711 |    1465 |  67.3 |      13 |      38 |  74.5
       D:10 |    4016 |      83 |   2.0 |      25 |       4 |  13.8
       D:11 |    2590 |       0 |   0.0 |      15 |       0 |   0.0
       D:12 |    7685 |       0 |   0.0 |      34 |       0 |   0.0
       D:13 |    7480 |    2596 |  25.8 |      26 |       9 |  25.7
       D:14 |    5248 |       0 |   0.0 |       9 |       0 |   0.0
       D:15 |    6028 |    4888 |  44.8 |      14 |      16 |  53.3
     Lair:1 |    3659 |     672 |  15.5 |      20 |       3 |  13.0
     Lair:2 |    4338 |       0 |   0.0 |      19 |       0 |   0.0
     Lair:3 |    5353 |    1447 |  21.3 |      17 |       7 |  29.2
     Lair:4 |   10758 |    1260 |  10.5 |      35 |      17 |  32.7
     Lair:5 |    1484 |    2003 |  57.4 |       6 |       9 |  60.0
     Lair:6 |    9999 |    5512 |  35.5 |      41 |      16 |  28.1
   Shoals:1 |   11504 |     750 |   6.1 |      25 |       1 |   3.8
   Shoals:2 |    6126 |       0 |   0.0 |      13 |       0 |   0.0
   Shoals:3 |    2564 |       0 |   0.0 |       4 |       0 |   0.0
   Shoals:4 |    3172 |    6001 |  65.4 |       8 |      16 |  66.7
   Spider:1 |    8776 |    1567 |  15.2 |      22 |       3 |  12.0
   Spider:3 |    1324 |    1427 |  51.9 |       3 |       7 |  70.0
      Orc:1 |     402 |     275 |  40.6 |       7 |      10 |  58.8
      Orc:2 |    1029 |   10934 |  91.4 |       2 |     115 |  98.3
      Elf:1 |     818 |    1805 |  68.8 |       1 |       3 |  75.0
   Vaults:1 |   12464 |   13581 |  52.1 |      21 |      18 |  46.2
            +---------+---------+-------+---------+---------+-------

Illustrated notes

#.####.### ### .... ,**
...#.....# ####P###.#.#*,*,
.........# ##........#.# ,,
.........# ##......./..#**
..P<..#.#####....÷....k.# ,
.P.......#.#P..........#####.
,,,
......†...........÷....#.....,,
#.....††.......#...#.<...P...
,,
##.........#†..#@...÷........,
* .....P............÷÷÷...P#...
* ...#.P..#.....#......##...#..
..#..................##..P... *
......................†.....#
....#P..............††.......
............................#*
* .........................#...
, .#..#............†.....#.....
,


Turn 13085 on Lair:6: Remember to heal generously. ≈ ≈ ≈≈≈≈≈≈≈≈ ≈≈ ≈≈ ≈≈ ≈≈ ≈
≈≈≈≈≈≈≈≈≈≈≈≈≈≈≈≈≈ ≈≈ ≈ ≈ .≈≈ ≈≈#≈≈≈≈≈≈≈≈≈≈≈ ≈≈≈ ≈ ≈ ≈≈ ..≈≈#≈#>≈ ≈≈≈≈≈≈≈ ≈ ≈ ≈
..≈≈≈≈≈≈##!.≈≈≈≈E ≈≈ , .8..≈≈≈≈..§m§m≈≈≈ , ......≈<##§≈§§≈≈≈≈ ,
,......##§†E§≈≈≈≈., ≈ ≈ , ..... #.§@H§§≈≈≈. , ........§§E.§≈≈≈≈ ≈ ,,
...........!..≈≈≈ ≈ , , ...#............≈ ,,,.........###..##. ≈ ≈ ,.##...(.#*
..# ≈≈ ≈ , ,#.≈≈.... ,,≈≈ ≈ ≈* , ≈ ≈ ≈≈≈≈≈.. .≈≈ , , ≈ ≈ , , ,, , , Turn 22107
on Shoals:1: Be careful! #### ####≈≈##### #..≈≈≈≈...# #.≈≈≈≈≈≈#.#
##≈≈≈≈≈≈≈≈.###### # ##≈≈≈≈≈≈≈≈≈≈.....# # ##≈≈≈≈≈≈≈≈≈≈≈≈###.# #
#≈≈≈≈≈≈≈≈@≈≈≈≈≈##.# ##≈≈≈≈≈≈≈≈≈≈≈≈###.# ##########≈≈≈≈≈≈≈≈≈≈####.#
.†.........≈≈≈≈≈≈≈≈......# ##.......###≈≈≈≈≈≈######## ##...†...# ##≈≈≈≈##
##.......# #.≈≈## ##.......# #.### ##.......# #.# Turn 24705 on D:15: Be
careful!

Table legend:
 A = Kills in this place as a percentage of kills in entire the game.
 B = Kills by you in this place as a percentage of kills by you in the entire game.
 C = Kills by friends in this place as a percentage of kills by friends in the entire game.
 D = Other kills in this place as a percentage of other kills in the entire game.
 E = Experience gained in this place as a percentage of experience gained in the entire game.
 F = Experience gained in this place divided by the number of levels of this place that you have seen.
                   A       B       C       D       E      F
               +-------+-------+-------+-------+-------+----------------------
         Total | 100.0 | 100.0 | 100.0 | 100.0 | 100.0 | 5343.7
       Dungeon |  41.7 |  41.6 |  85.7 |  12.5 |  25.7 | 3022.5
          Lair |  23.6 |  23.8 |   0.0 |  25.0 |  26.4 | 7747.5
        Shoals |   8.3 |   8.2 |   0.0 |  25.0 |  17.1 | 7529.2
   Spider Nest |   4.3 |   4.4 |   0.0 |   0.0 |   7.4 | 4364.7
  Orcish Mines |  16.6 |  16.8 |   0.0 |  12.5 |   7.2 | 6320.0
   Elven Halls |   0.5 |   0.5 |   0.0 |   0.0 |   1.5 | 2623.0
        Vaults |   4.8 |   4.6 |  14.3 |  25.0 |  14.8 | 26045.0
               +-------+-------+-------+-------+-------+----------------------

Table legend: (Time is in decaauts)
 A = Elapsed time spent in this place.
 B = Non-inter-level travel time spent in this place.
 C = Inter-level travel time spent in this place.
 D = Time resting spent in this place.
 E = Time spent auto-exploring this place.
 F = Levels seen in this place.
 G = Mean time per level.
                   A        B        C        D        E       F      G
               +--------+--------+--------+--------+--------+-----+--------+
         Total |  26233 |  23600 |   2633 |   1632 |  15696 |  33 |  794.9 |
       Dungeon |  13406 |  12077 |   1329 |    686 |   8872 |  15 |  893.7 |
        Temple |    129 |    108 |     21 |      0 |     92 |   1 |  129.0 |
          Lair |   5959 |   5378 |    581 |    265 |   3857 |   6 |  993.2 |
        Shoals |   2403 |   2086 |    317 |    328 |    800 |   4 |  600.8 |
   Spider Nest |    831 |    831 |      0 |    125 |    414 |   3 |  277.0 |
  Orcish Mines |   2679 |   2297 |    382 |    221 |   1259 |   2 | 1339.5 |
   Elven Halls |    101 |    101 |      0 |      0 |     23 |   1 |  101.0 |
        Vaults |    721 |    721 |      0 |      3 |    377 |   1 |  721.0 |
               +--------+--------+--------+--------+--------+-----+--------+

Top non-repeatable levels by time:
   Orc:2: 2282 daAuts
    D:10: 1488 daAuts
     D:6: 1296 daAuts
     D:7: 1241 daAuts
  Lair:6: 1097 daAuts
    D:13: 1091 daAuts
  Lair:3: 1078 daAuts
  Lair:4: 1003 daAuts
     D:4: 1002 daAuts
Shoals:1: 969 daAuts
  Lair:2: 948 daAuts
  Lair:5: 939 daAuts
  Lair:1: 892 daAuts
     D:8: 856 daAuts
    D:15: 837 daAuts
